 Dungeon Crawl Stone Soup version 0.25-a0-782-g655279ceaa (webtiles) character file.

Game seed: 2300605615151178700, levelgen mode: deterministic

581 Hasart the Chiller (level 7, 0/36 HPs)
             Began as a Deep Elf Ice Elementalist on Apr 16, 2020.
             Slain by an orc
             ... wielding a +0 vorpal trident
              (5 damage)
             ... on level 4 of the Dungeon.
             The game lasted 00:07:53 (2990 turns).

Hasart the Chiller (Deep Elf Ice Elementalist)      Turns: 2990, Time: 00:07:56

Health: 0/36       AC:  3    Str:  5    XL:     7   Next: 13%
Magic:  17/17      EV: 14    Int: 22    God:
Gold:   99         SH:  4    Dex: 15    Spells: 4/16 levels left

rFire    + . .     SeeInvis .   d - +0 hand axe
rCold    + . .     Gourm    .   b - +0 buckler
rNeg     . . .     Faith    .   a - +0 robe
rPois    +         Spirit   .   i - +0 helmet
rElec    +         Reflect  .   (no cloak)
rCorr    +         Harm     .   (no gloves)
MR       .....                  (no boots)
Stlth    +.........             (no amulet)
HPRegen  0.12/turn              h - ring of attention (curse)
MPRegen  0.15/turn              (no ring)

@: mighty, resistant, frozen ramparts, stab
A: no striking features
a: no special abilities


You were on level 4 of the Dungeon.
You were hungry.

You visited 1 branch of the dungeon, and saw 5 of its levels.

You collected 99 gold pieces.

Inventory:

Hand Weapons
 d - a +0 hand axe (weapon)
Armour
 a - a +0 robe (worn)
 b - a +0 buckler (worn)
 i - a +0 helmet (worn)
Jewellery
 h - a cursed ring of attention (left hand)
 o - an uncursed ring of fire
Wands
 p - a wand of polymorph (4)
Scrolls
 e - 3 scrolls of teleportation {unknown}
 j - 3 scrolls of immolation {unknown}
 k - 2 scrolls of remove curse {unknown}
 m - 3 scrolls of identify {unknown}
 n - a scroll of fear {unknown}
 r - a scroll of random uselessness {unknown}
Potions
 g - a potion of might
 l - a potion of stabbing
Comestibles
 c - 5 rations


   Skills:
 - Level 4.0 Dodging
 - Level 2.4 Stealth
 + Level 2.4 Shields
 + Level 5.3 Spellcasting
 + Level 1.6 Conjurations
 + Level 1.7 Summonings
 * Level 6.7 Ice Magic


You had 4 spell levels left.
You knew the following spells:

 Your Spells              Type           Power        Failure   Level  Hunger
a - Freeze                Ice            ####         1%          1    None
b - Frozen Ramparts       Ice            #####.       2%          3    ##.....
c - Summon Ice Beast      Ice/Summ       ###.....     22%         4    ####...
d - Hailstorm             Conj/Ice       ###.....     22%         4    ####...

Your spell library contained the following spells:

 Spells                   Type           Power        Failure   Level  Hunger
 Ozocubu's Armour         Chrm/Ice       ###.....     9%          3    ##.....


Dungeon Overview and Level Annotations

Branches:
Dungeon (5/15)
 Temple: D:4-7

Altars:
Makhleb


Message History

The wall freezes Natasha!
You block Natasha's attack.
The wall freezes the orc wizard!
You kill the orc wizard!
The phantom resists.
The wall freezes the phantom.
It was a potion of resistance.
You feel protected.
The wall freezes Natasha.
You kill Natasha!
Natasha yowls pathetically as she dies!
The phantom completely resists.
The wall freezes the phantom but do no damage.
The wall freezes the orc.
An orc comes into view. It is wielding a +4 dagger.
It was a potion of magic.
Magic courses through your body.
The orc shouts!
The phantom completely resists.
The wall freezes the phantom but do no damage.
The phantom barely misses you.
The wall freezes the orc.
The orc hits you from afar with a +0 vorpal trident.
You die...

#############
.......>.o)@#
.........†#W#+#+#.#
(...o.....#.†.....#
###..>....#.......+
#.#####.#.......#
#. ..#........ #
###.......#
..<.....# ##......#


You could see a phantom and 2 orcs.

Vanquished Creatures
  A sky beast (D:5)
  A bullfrog (D:2)
  2 scorpions (D:5)
  A howler monkey (D:4)
  A hound (D:2)
  An orc priest (D:4)
  An orc wizard (D:4)
  An iguana (D:5)
  Natasha (twice) (D:2 D:4)
  A worker ant zombie (D:5)
  4 adders
  An ooze (D:2)
  4 worms
  2 dart slugs
  A leopard gecko (D:3)
  An orc (D:3)
  3 ball pythons
  3 giant cockroaches
  10 goblins
  7 hobgoblins
  A quokka (D:3)
  10 bats
  5 frilled lizards
  2 kobolds
  8 rats
74 creatures vanquished.

Notes
Turn   | Place    | Note
-------+----------+-------------------------------------------
     0 | D:1      | Hasart the Deep Elf Ice Elementalist began the quest for
                  | the Orb.
     0 | D:1      | Reached XP level 1. HP: 10/10 MP: 6/6
   179 | D:1      | Reached XP level 2. HP: 12/15 MP: 6/8
   852 | D:2      | Reached XP level 3. HP: 7/19 MP: 3/9
  1049 | D:2      | Learned a level 3 spell: Frozen Ramparts
  1209 | D:2      | Reached skill level 5 in Ice Magic
  1247 | D:2      | Reached skill level 1 in Shields
  1304 | D:2      | Noticed Natasha
  1308 | D:2      | Killed Natasha
  1308 | D:2      | Reached XP level 4. HP: 9/24 MP: 7/11
  1317 | D:2      | Learned a level 4 spell: Summon Ice Beast
  1497 | D:2      | Noticed a bullfrog
  1502 | D:2      | Killed a bullfrog
  1502 | D:2      | Reached XP level 5. HP: 16/28 MP: 6/13
  1808 | D:2      | Found a burning altar of Makhleb.
  2529 | D:3      | You fall into a shaft and drop 2 floors!
  2529 | D:5      | Entered Level 5 of the Dungeon
  2535 | D:5      | Learned a level 4 spell: Hailstorm
  2554 | D:5      | Reached skill level 6 in Ice Magic
  2554 | D:5      | Reached XP level 6. HP: 28/32 MP: 9/15
  2625 | D:5      | Noticed a sky beast
  2638 | D:5      | Killed a sky beast
  2638 | D:5      | Reached skill level 1 in Summonings
  2661 | D:5      | Reached skill level 5 in Spellcasting
  2661 | D:5      | Reached skill level 1 in Conjurations
  2985 | D:4      | Reached XP level 7. HP: 8/36 MP: 2/16
  2985 | D:4      | Noticed Natasha
  2989 | D:4      | Killed Natasha
  2990 | D:4      | Slain by an orc

Levels and vault maps discovered:
D:1:      lemuel_arrival_muddy, layout_rooms
D:2:      minmay_evil_eye, layout_loops_ring, makhleb_heckhound_becter,
          uniq_natasha
D:3:      layout_loops_corners, chequers_garden
D:4:      layout_basic, tgw_fedhas, first_ration, kennysheep_flooded_box
D:5:      layout_basic, minmay_checkerbox, uniq_edmund, uniq_eustachio,
          uniq_sigmund, uniq_menkaure

Skill      XL: |  1  2  3  4  5  6 |
---------------+-------------------+-----
Dodging        | 3 4 |  4.0
Ice Magic      | 5 6 |  6.7
Shields        | 1 2 |  2.4
Spellcasting   | 4 5 |  5.3
Summonings     | 1 |  1.7
Conjurations   | 1 |  1.6
Stealth        | |  2.4

Action                   |  1- 3 |  4- 6 |  7- 9 || total
-------------------------+-------+-------+-------++-------
Melee: Hand axe          |     5 |    20 |       ||    25
 Cast: Freeze            |    48 |    70 |     1 ||   119
       Frozen Ramparts   |       |     7 |       ||     7
       Hailstorm         |       |     2 |       ||     2
Evoke: Wand              |       |     1 |       ||     1
  Use: Potion            |       |       |     4 ||     4
 Stab: Sleeping          |       |     1 |       ||     1
  Eat: Chunk             |     1 |     5 |       ||     6
Armor: Robe              |    14 |     8 |       ||    22
Dodge: Dodged            |    40 |    36 |     2 ||    78
Block: Buckler           |     7 |    15 |     1 ||    23

Table legend:
 A = Non-vault XP
 B = Vault XP
 C = Vault XP percentage of total XP
 D = Non-vault monster count
 E = Vault monster count
 F = Vault count percentage of total count
                 A         B        C        D         E       F
            +---------+---------+-------+---------+---------+-------
      Total |     744 |      86 |  10.4 |      69 |       5 |   6.8
            +---------+---------+-------+---------+---------+-------
        D:1 |      20 |       0 |   0.0 |      14 |       0 |   0.0
        D:2 |     152 |      86 |  36.1 |      21 |       5 |  19.2
        D:3 |      62 |       0 |   0.0 |      22 |       0 |   0.0
        D:4 |     188 |       0 |   0.0 |       7 |       0 |   0.0
        D:5 |     322 |       0 |   0.0 |       5 |       0 |   0.0
            +---------+---------+-------+---------+---------+-------
